 Dungeon Crawl Stone Soup version 0.27.1 (webtiles) character file.

Game seed: 13253593162105613215

19 Ishikawa the Skirmisher (level 2, -13/24 HPs)
             Began as a Demonspawn Fighter on Sept 3, 2021.
             Mangled by a kobold (19 damage)
             ... on level 2 of the Dungeon.
             The game lasted 00:01:49 (1233 turns).

Ishikawa the Skirmisher (Demonspawn Fighter)        Turns: 1233, Time: 00:01:50

Health: -13/24     AC:  6    Str: 16    XL:     2   Next: 55%
Magic:  3/3        EV:  6    Int:  9    God:
Gold:   22         SH:  9    Dex: 12    Spells: 2/2 levels left

rFire    . . .     SeeInvis .   a - +0 long sword
rCold    . . .     Faith    .   c - +1 kite shield
rNeg     . . .     Spirit   .   b - +0 scale mail
rPois    .         Reflect  .   (no helmet)
rElec    .         Harm     .   (no cloak)
rCorr    .         Rampage  .   (no gloves)
Will     .....                  (no boots)
Stlth    ..........             (no amulet)
HPRegen  0.08/turn              (no ring)
MPRegen  0.08/turn              (no ring)

@: no status effects
A: demonic magic 1
a: no special abilities


You were on level 2 of the Dungeon.
You visited 1 branch of the dungeon, and saw 2 of its levels.

You collected 44 gold pieces.
You spent 22 gold pieces at shops.

Inventory:

Hand Weapons
 a - a +0 long sword (weapon)
Armour
 b - a +0 scale mail (worn)
 c - a +1 kite shield (worn)
Scrolls
 f - 3 scrolls of identify
Potions
 d - 2 potions of might
 e - a potion of heal wounds {unknown}
 g - a potion of attraction {unknown}
 h - a potion of lignification {unknown}


   Skills:
 * Level 3.1 Fighting
 * Level 2.0 Long Blades
 * Level 2.9 Armour
 * Level 0.2 Dodging
 * Level 0.1 Stealth
 * Level 2.8 Shields
 * Level 0.7 Spellcasting


You had 2 spell levels left.
You didn't know any spells.
Your spell library contained the following spells:

 Spells                   Type           Power      Damage    Failure   Level
 Ozocubu's Armour         Ice            0%         N/A       100%        3
 Metabolic Englaciation   Hex/Ice        0%         N/A       100%        5
 Simulacrum               Ice/Necr       0%         N/A       100%        6


Dungeon Overview and Level Annotations

Branches:
Dungeon (2/15)

Altars:

Shops:
D:1 ?


Innate Abilities, Weirdness & Mutations

Spells you cast may paralyse adjacent enemies.


Message History

You hit the goblin.
You kill the goblin!
Found a stone staircase leading down.
Things that are here:
a +0 dagger; a goblin corpse A bat comes into view.
A bat is nearby!
You block the bat's attack.
You closely miss the bat. You block the bat's attack.
The bat completely misses you.
You riposte.
You hit the bat.
You kill the bat!
There is a stone staircase leading down here.
You open the door.
There is an open door here.
There is an open door here.
Done exploring.
Done exploring.
(D) Dungeon
Where to? (? - help)
There is a stone staircase leading down here.
You climb downwards.
Found a glowing amethyst potion.
There is a stone staircase leading up here.
h - a glowing amethyst potion
Found 4 gold pieces.
You now have 22 gold pieces (gained 4).
A kobold comes into view.
It is wielding a +2 dagger of electrocution.
The kobold shouts!
A kobold is nearby!
The kobold hits you but does no damage.
You are electrocuted!
Ouch! That really hurt!
* * * LOW HITPOINT WARNING * * *
You closely miss the kobold. The kobold barely misses you.
You block the kobold's attack.
You barely miss the kobold.
The kobold hits you with a +2 dagger of electrocution.
* * * LOW HITPOINT WARNING * * *
You are electrocuted!!
Ouch! That really hurt!
You die...

#.# .# # #.# #.#
#. #.##..#
###.##.#...###
.............
#.#......#
#........#
#..K@...#
#.......#
###...#.# +#
#...#.# .# #####.#
.# #.# ##.##
####.########<..##
#.......##........
#.#####.##.##...##


You could see a kobold.

Vanquished Creatures
  4 bats (D:1)
  2 endoplasms (D:1)
  A giant cockroach (D:1)
  3 goblins (D:1)
  A hobgoblin (D:1)
  3 quokkas (D:1)
  2 rats (D:1)
16 creatures vanquished.

Notes
Turn   | Place    | Note
-------+----------+-------------------------------------------
     0 | D:1      | Ishikawa the Demonspawn Fighter began the quest for the
                  | Orb.
     0 | D:1      | Reached XP level 1. HP: 18/18 MP: 1/1
   140 | D:1      | Found a faded altar of an unknown god.
   357 | D:1      | Gained mutation: Spells you cast may paralyse adjacent
                  | enemies. [demonic ancestry]
   357 | D:1      | Reached XP level 2. HP: 24/24 MP: 2/2
   481 | D:1      | Found Bafounyx's Magic Scroll Shoppe.
   649 | D:1      | Bought a scroll of identify for 22 gold pieces
  1233 | D:2      | Mangled by a kobold

Illustrated notes

Levels and vault maps discovered:
D:1:      noname_arrival_rooms_in_the_neighbourhood, layout_loops_corners,
          shapermc_ecumenical_altar_notcrosses, serial_shops, shop,
          minmay_tetromino_o2
D:2:      layout_loops_corners

Skill      XL: |  1  2 |
---------------+-------+-----
Long Blades    | 2 |  2.0
Fighting       | |  3.1
Armour         | |  2.9
Dodging        | |  0.2
Stealth        | |  0.1
Shields        | |  2.8
Spellcasting   | |  0.7

Action                   || total
-------------------------++-------
Melee: Long sword        ||    45
  Use: Scroll            ||     3
Armor: Scale mail        ||    18
Dodge: Dodged            ||    18
Block: Kite shield       ||    21
       Rpst.: Long sword ||     6
